AoeStats
← Recnec

Black Forest

509467941Analyzed
2v2 RM · 6d ago on Sep 26, 2026· 57m 41s· 4 players
Game mode
Random Map
Map size
Medium (4 player)
Population
200
Speed
Normal
Resources
Standard
Victory
Conquest
Starting age
Dark Age
Ending age
Imperial Age
RankedLock teamsTeams togetherTeam positionsShared explorationLock speedFull tech treeHidden civsTurbo modeCheats
Victory
Defeat
🇹🇷 Danes · Türkiye
886
+19
🇹🇷 Britons · Türkiye
860
+19
🇪🇸 Burgundians · Spain
975
-20
🇪🇸 Vikings · Spain
907
-18
Baldemir
1:33 Loom
11:07 Feudal Age
12:07 Double-Bit Axe
12:55 Horse Collar
20:50 Castle Age
20:39 Wheelbarrow
20:42 Padded Archer Armor
20:37 Gold Mining
20:51 Stone Mining
24:31 Bow Saw
24:45 Heavy Plow
24:59 Fletching
25:25 Leather Archer Armor
26:38 Bodkin Arrow
27:33 Gold Shaft Mining
34:20 Imperial Age
33:36 Ballistics
34:39 Yeomen
34:23 Elite Longbowman
36:15 Ring Archer Armor
35:45 Bracer
36:51 Chemistry
36:58 Fortified Wall
37:13 Hand Cart
37:03 Pikeman
37:44 Squires
37:29 Arson
39:33 Halberdier
40:54 Warwolf
44:47 Man-at-Arms
45:13 Gambesons
45:47 Long Swordsman
46:38 Two-Handed Swordsman
49:11 Champion
50:04 Scale Mail Armor
50:14 Forging
52:42 Chain Mail Armor
53:02 Iron Casting
michelangelo
1:15 Loom
10:44 Feudal Age
11:23 Horse Collar
11:30 Double-Bit Axe
19:50 Castle Age
18:17 Stone Mining
18:37 Scale Mail Armor
20:48 Heavy Plow
21:35 Chain Mail Armor
24:08 Forging
26:18 Arson
28:01 Squires
29:22 Bow Saw
30:22 Fletching
31:33 Iron Casting
35:48 Imperial Age
33:05 Town Watch
34:16 Gambesons
36:01 Caravan
36:41 Elite Varangian Guard
38:35 Plate Mail Armor
39:05 Blast Furnace
39:19 Bodkin Arrow
44:03 Conscription
46:20 Hamask
53:08 Wheelbarrow
52:36 Town Patrol
52:39 Bracer
53:52 Murder Holes
54:58 Chemistry
53:24 Northmen's Fury
58:08 Coinage
57:42 Padded Archer Armor
Draek
0:26 Loom
13:41 Feudal Age
19:50 Castle Age
17:34 Horse Collar
18:19 Double-Bit Axe
22:00 Gold Mining
22:01 Stone Mining
22:46 Bow Saw
23:02 Squires
27:00 Fletching
28:03 Scale Mail Armor
28:24 Heavy Plow
31:55 Imperial Age
30:21 Bodkin Arrow
32:00 Town Watch
32:51 Chain Mail Armor
32:38 Bracer
32:49 Forging
32:29 Arson
33:10 Conscription
32:20 Capped Ram
33:26 Ballistics
33:57 Crop Rotation
34:30 Two-Man Saw
35:13 Fortified Wall
34:50 Elite Skirmisher
35:45 Fishing Lines
37:08 Chemistry
36:17 Chieftains
37:55 Padded Archer Armor
38:27 Plate Mail Armor
38:33 Iron Casting
37:57 Murder Holes
38:50 Elite Varangian Guard
41:10 Elite Berserk
42:22 Leather Archer Armor
43:09 Blast Furnace
43:02 Hoardings
44:23 Gold Shaft Mining
43:56 Siege Engineers
57:34 Ring Archer Armor
Recnec
1:34 Loom
7:37 Wheelbarrow
9:10 Double-Bit Axe
11:23 Horse Collar
16:17 Feudal Age
22:35 Castle Age
21:00 Bow Saw
21:22 Heavy Plow
22:25 Fletching
24:01 Crop Rotation
27:30 Hand Cart
30:40 Imperial Age
30:46 Imperial Age
28:38 Scale Barding Armor
30:32 Gold Mining
31:57 Scale Barding Armor
33:10 Forging
34:54 Town Watch
36:04 Elite Skirmisher
37:01 Bodkin Arrow
37:52 Burgundian Vineyards
39:23 Guilds
39:23 Town Patrol
40:12 Hoardings
40:40 Elite Coustillier
43:32 Caravan
46:36 Chain Barding Armor
45:42 Light Cavalry
47:25 Iron Casting
47:17 Ballistics
46:35 Hussar
47:56 Husbandry
49:51 Plate Barding Armor
Connection lost

Rejoining the realm…

Still unreachable

The connection could not be restored.

Session expired

The server has moved on; the page needs a fresh start.